 Dungeon Crawl Stone Soup version 0.29-a0-284-gf9362112df (webtiles) character file.

Game seed: 17520062517823877529

199 FlurksSlurper the Sneak (level 5, 0/44 HPs)
             Began as a Deep Dwarf Delver on Mar 14, 2022.
             Was an Initiate of Gozag.
             Slain by a wyvern zombie (8 damage)
             ... on level 5 of the Dungeon.
             The game lasted 00:07:50 (3630 turns).

FlurksSlurper the Sneak (Deep Dwarf Delver)         Turns: 3630, Time: 00:07:51

Health: 0/44       AC: 12    Str: 15    XL:     5   Next: 48%
Magic:  6/6        EV:  7    Int: 11    God:    Gozag
Gold:   243        SH:  0    Dex: 20    Spells: 6/6 levels left

rFire   . . .      SeeInvis .   a - +0 hand axe
rCold   + . .      Faith    .   (no shield)
rNeg    . . .      Spirit   .   k - +0 chain mail
rPois   .          Reflect  .   (no helmet)
rElec   .          Harm     .   q - +0 cloak
rCorr   .          Rampage  .   t - +1 pair of gloves
Will    .....                   s - +0 pair of boots
Stlth   +.........              (no amulet)
HPRegen 0.00/turn               b - +6 ring of dexterity
MPRegen 0.10/turn               u - ring of protection from cold

@: no status effects
A: damage resistance, heal wounds, sense surroundings 1, no regeneration, frail
1, weak 1
a: Heal Wounds, Renounce Religion, Potion Petition, Call Merchant, Bribe Branch


You were on level 5 of the Dungeon.
You worshipped Gozag.
Gozag was aware of your devotion.
You visited 1 branch of the dungeon, and saw 5 of its levels.

You collected 301 gold pieces.
You paid 58 gold pieces to Gozag.

Inventory:

Hand Weapons
 a - a +0 hand axe (weapon)
Missiles
 m - 5 javelins
 v - 7 poisoned darts
Armour
 k - a +0 chain mail (worn)
 q - a +0 cloak (worn)
 s - a +0 pair of boots (worn)
 t - a +1 pair of gloves (worn)
Jewellery
 b - a +6 ring of dexterity (left hand)
 o - an amulet of guardian spirit
 u - a ring of protection from cold (right hand)
 w - a ring of resist corrosion
Wands
 f - a wand of flame (44)
 g - a wand of digging (3)
 p - a wand of iceblast (4)
Scrolls
 c - a scroll of fog
 d - a scroll of magic mapping
 e - a scroll of fear
 h - a scroll of blinking
 i - 6 scrolls of identify
 j - a scroll of vulnerability {unknown}
 l - a scroll of amnesia {unknown}
 n - 2 scrolls of teleportation


   Skills:
 + Level 3.2 Fighting
 + Level 3.2 Axes
 + Level 1.5 Armour
 + Level 2.4 Dodging
 + Level 7.6 Stealth
 * Level 1.3 Spellcasting


You had 6 spell levels left.
You didn't know any spells.
Your spell library was empty.

Dungeon Overview and Level Annotations

Branches:
Dungeon (5/15)
 Temple: D:4-7

Altars:
Gozag
Okawaru
Qazlal
Zin

Shops:
D:2 ***   D:4 =


Innate Abilities, Weirdness & Mutations

You are resistant to damage.
You can heal yourself by infusing magical energy.
You passively map a small area around you.
You do not regenerate.
You are frail. (-10% HP)
You are weak. (Str -2)


Message History

A centaur skeleton comes into view.
The water moccasin skeleton bites you but does no damage.
You closely miss the water moccasin skeleton.
The water moccasin skeleton is almost destroyed.
The water moccasin skeleton barely misses you.
You hit the water moccasin skeleton.
The water moccasin skeleton is almost destroyed.
You hit the wyvern zombie. The water moccasin skeleton bites you.
The wyvern zombie barely misses you.
The water moccasin skeleton barely misses you.
The wyvern zombie closely misses you.
The water moccasin skeleton attacks as you move away!
The water moccasin skeleton bites you but does no damage.
You hit the wyvern zombie.
The wyvern zombie is lightly damaged.
The wyvern zombie bites you. The wyvern zombie barely misses you.
You hit the wyvern zombie.
The wyvern zombie is moderately damaged.
The wyvern zombie bites you.
You hit the wyvern zombie but do no damage.
The wyvern zombie is moderately damaged.
The wyvern zombie bites you.
The wyvern zombie bites you but does no damage.
You barely miss the wyvern zombie.
The wyvern zombie is moderately damaged.
The wyvern zombie bites you!
You hit the wyvern zombie.
The wyvern zombie is moderately damaged.
The wyvern zombie bites you but does no damage. x2
You barely miss the wyvern zombie.
The wyvern zombie is moderately damaged.
The wyvern zombie bites you!
* * * LOW HITPOINT WARNING * * *
You hit the wyvern zombie.
The wyvern zombie is moderately damaged.
The wyvern zombie bites you.
* * * LOW HITPOINT WARNING * * *
The wyvern zombie bites you!
You die...
Your body crumbles into a pile of gold.

########
#......#
#.####'###
#.##8...8# *
#.##.....#
#.####...# *
#.##A#.._#
####.########
#ZZ@.# *** * *
##Z######## ,,
, *
####..$.......
, * *
#.<..Z.......#
*
#.##..######.#
* * * #. #..#
* #. #..# **
*,* .. #..#* ,
** * * * * ..
...#,,


You could see a wyvern zombie, a water moccasin skeleton and a centaur skeleton.

Vanquished Creatures
  A bullfrog (D:4)
  Ijyb (D:3)
  A gnoll (D:4)
  3 adders
  A shadow imp (D:5)
  An ufetubus (D:4)
  3 worms
  A dart slug (D:2)
  3 orcs
  5 endoplasms
  3 giant cockroaches
  5 goblins
  5 hobgoblins
  5 jackals (D:2)
  A quokka (D:3)
  2 ball pythons
  5 bats
  3 frilled lizards
  5 kobolds
  3 rats
57 creatures vanquished.

Vanquished Creatures (others)
  2 orcs (D:3)
2 creatures vanquished.

Grand Total: 59 creatures vanquished

Notes
Turn   | Place    | Note
-------+----------+-------------------------------------------
     0 | D:5      | FlurksSlurper the Deep Dwarf Delver began the quest for the
                  | Orb.
     0 | D:5      | Reached XP level 1. HP: 20/20 MP: 1/1
    42 | D:4      | Noticed a bullfrog
    49 | D:4      | Killed a bullfrog
    50 | D:4      | Reached skill level 7 in Stealth
    50 | D:4      | Reached XP level 2. HP: 21/28 MP: 2/2
    50 | D:4      | Reached XP level 3. HP: 25/34 MP: 3/3
   259 | D:2      | Found Hiecreta's Assorted Antiques.
   282 | D:2      | Reached XP level 4. HP: 31/42 MP: 4/4
  1102 | D:2      | Found Dijuej's Assorted Antiques.
  1393 | D:2      | Found Hyetwor's Assorted Antiques.
  1398 | D:2      | Found a faded altar of an unknown god.
  1711 | D:2      | Reached skill level 1 in Spellcasting
  2089 | D:3      | Gained mutation: You are weak. (Str -2) [potion of
                  | mutation]
  2089 | D:3      | Gained mutation: You are frail. (-10% HP) [potion of
                  | mutation]
  2244 | D:3      | Noticed Ijyb
  2255 | D:3      | Found an opulent altar of Gozag.
  2261 | D:3      | Became a worshipper of Gozag Ym Sagoz the Greedy
  2675 | D:3      | Killed Ijyb
  2676 | D:3      | Reached XP level 5. HP: 26/44 MP: 0/6
  2748 | D:3      | Found a stormy altar of Qazlal.
  3097 | D:4      | Found Effih's Jewellery Boutique.
  3159 | D:4      | Reached skill level 1 in Armour
  3321 | D:4      | Found an iron altar of Okawaru.
  3584 | D:5      | Found a glowing silver altar of Zin.
  3584 | D:5      | Noticed an angel
  3630 | D:5      | Slain by a wyvern zombie

Illustrated notes

Levels and vault maps discovered:
D:1:      psy_arrival_whirlpool, layout_basic
D:2:      layout_basic, basic_ecumenical_altar, serial_shops, shop, shop,
          shop_fountains
D:3:      layout_basic, grunt_qazlal_clouds, old_standard_altar, uniq_ijyb
D:4:      layout_loops_ring, okawaru_altar_gauntlet_db, serial_shops, shop,
          minmay_small_thing
D:5:      layout_loops_ring, riverfiend_overflow_shadow_ancestor, zin_angel,
          minmay_temple_entry_poolview, serial_undead, serial_undead_e,
          serial_undead_e, serial_undead_d, serial_undead_c, serial_shops, shop

Skill      XL: |  1  2  3  4  5 |
---------------+----------------+-----
Fighting       | 3 |  3.2
Stealth        | 7 |  7.6
Spellcasting   | 1 |  1.3
Axes           | 3 |  3.2
Armour         | 1 |  1.5
Dodging        | |  2.4

Action                   |  1- 3 |  4- 6 || total
-------------------------+-------+-------++-------
Melee: Hand axe          |    18 |   247 ||   265
       Punch             |       |     3 ||     3
 Abil: Heal Wounds       |       |     1 ||     1
  Use: Potion            |     1 |     4 ||     5
       Scroll            |       |     3 ||     3
 Stab: Sleeping          |     2 |       ||     2
Armor: Leather armour    |     3 |     4 ||     7
       Chain mail        |       |   171 ||   171
Dodge: Dodged            |    12 |    75 ||    87

Table legend: (Time is in decaauts)
 A = Elapsed time spent in this place.
 B = Non-inter-level travel time spent in this place.
 C = Inter-level travel time spent in this place.
 D = Time resting spent in this place.
 E = Time spent auto-exploring this place.
 F = Levels seen in this place.
 G = Mean time per level.
                   A        B        C        D        E       F      G
               +--------+--------+--------+--------+--------+-----+--------+
         Total |   3656 |   3427 |    229 |      0 |   2566 |   5 |  731.2 |
       Dungeon |   3656 |   3427 |    229 |      0 |   2566 |   5 |  731.2 |
               +--------+--------+--------+--------+--------+-----+--------+

Top non-repeatable levels by time:
     D:2: 1221 daAuts
     D:3: 1138 daAuts
     D:4: 631 daAuts
     D:1: 573 daAuts
     D:5: 91 daAuts
